 Dungeon Sprint DCSS version 0.31-a0-1074-g0b22e4e0f1 (webtiles) character file.

Game seed: 3138747596449501267

341 BigDaddyOpFi the Eye of the Storm (level 6, -2/61 HPs)
             Began as a Hill Orc Fighter on Dec 8, 2023.
             Was a Priest of Qazlal.
             Slain by a wight
             ... wielding a +4 spear
              (6 damage)
             ... in the Dungeon (Sprint VII: "The Pits").
             The game lasted 00:01:40 (129 turns).

BigDaddyOpFi the Eye of the Storm (Hill Orc Fighter) Turns: 129, Time: 00:01:41

Health: -2/61      AC:  7    Str: 21    XL:     6   Next: 56%
Magic:  7/13       EV:  9    Int:  8    God:    Qazlal [***...]
Gold:   0          SH:  9    Dex: 10    Spells: 5/5 levels left

rFire   . . .        a - +0 war axe
rCold   . . .        c - +0 buckler
rNeg    . . .        b - +0 scale mail
rPois   .            (no helmet)
rElec   .            (no cloak)
rCorr   .            (no gloves)
SInv    .            (no boots)
Will    .....        (no amulet) Stlth
                     (no ring)
HPRegen 0.30/turn    (no ring)
MPRegen 0.13/turn

%: no teleportation
@: mighty, on berserk cooldown, hasted and slowed, invisible
A: no striking features
a: Renounce Religion, Upheaval, Elemental Force


You were in the Dungeon.
You worshipped Qazlal.
Qazlal was most pleased with you.
You visited 1 branch

Inventory:

Hand Weapons
 a - a +0 war axe (weapon)
Armour
 b - a +0 scale mail (worn)
 c - a +0 buckler (worn)
Scrolls
 l - 2 scrolls of vulnerability
 m - 5 scrolls of amnesia
 n - a scroll of butterflies
Potions
 h - 4 potions of magic
 i - 2 potions of berserk rage
 k - a potion of invisibility


   Skills:
 + Level 7.6 Fighting
 + Level 7.7 Axes
 + Level 6.7 Armour
 + Level 6.8 Shields
 * Level 10.0 Invocations


You had 5 spell levels left.
You didn't know any spells.
Your spell library was empty.

Dungeon Overview and Level Annotations

Branches:
Dungeon (1/1)

Altars:
Ashenzari
Cheibriados
Dithmenos
Elyvilon
Fedhas
Gozag
Hepliaklqana
Kikubaaqudgha
Makhleb
Nemelex Xobeh
Okawaru
Qazlal
Ru
Sif Muna
Trog
Uskayaw
Vehumet
Wu Jian
Xom
Yredelemnul
Zin
The Shining One
Beogh
Jiyva
Lugonu


Message History

You feel a strong urge to attack something.
You block the scorpion's attack.
You barely miss the scorpion. The wight barely misses you.
You block the scorpion's attack.
You barely miss the scorpion.
You are no longer berserk.
You are exhausted.
You feel yourself slow down. You block the wight's attack.
The scorpion stings you but does no damage.
Okay, then.
Blink to where?
Press: ? - help, Dir - move target
As you read the scroll of blinking, it crumbles to dust.
Okay, then.
Okay, then.
You feel yourself speed up. The scorpion stings you.
* * * LOW HITPOINT WARNING * * *
The wight attacks as it pursues you! You block the wight's attack.
The wight attacks as it pursues you! The wight hits you but does no damage.
There is an open door here.
You see here a +0 whip.
There is an open door, spattered with blood here.
Things that are here:
a quokka corpse; a scorpion corpse The scorpion attacks as it pursues you!
You block the scorpion's attack.
There is an open door to the Storerooms (Easy) here.
The scorpion attacks as it pursues you! You block the scorpion's attack.
The scorpion stings you.
* * * LOW HITPOINT WARNING * * *
Okay, then.
You fade into invisibility!
The scorpion stings you but does no damage.
You slash the scorpion!
You kill the scorpion!
Qazlal accepts your kill.
Your life force feels restored.
Your Invocations skill increases to level 10!
The wight hits you with a +4 spear.
You die...

############
#_________.#
#_________.#
#_______...###########++
##########'##...........
#..(.')))'.##......#..#
##########.##..°.......
#...........z@..........
#+#####†#####......#..#.
#..#..# #..†........
#..z..# ####'#####+
#..#### #.......#
#..#..# #.......#
#..#z.# #.......#
##)#..#+###...<...#
#..).....##.......#


You could see a wight (unable to see you).

Vanquished Creatures
  2 scorpions (D)
  4 wights (D)
  An adder zombie (D)
  An orc (D)
  2 bats (D)
  A bat skeleton (D)
  2 quokkas (D)
13 creatures vanquished.

Notes
Turn   | Place    | Note
-------+----------+-------------------------------------------
     0 | D        | BigDaddyOpFi the Hill Orc Fighter began the quest for the
                  | Orb.
     0 | D        | Reached XP level 1. HP: 19/19 MP: 1/1
    44 | D        | Found a glowing golden altar of the Shining One.
    44 | D        | Found a glowing silver altar of Zin.
    44 | D        | Found a basalt altar of Yredelemnul.
    44 | D        | Found a shimmering altar of Xom.
    44 | D        | Found an ornate altar of the Wu Jian Council.
    44 | D        | Found a bloodstained altar of Trog.
    44 | D        | Found a shimmering blue altar of Sif Muna.
    44 | D        | Found a sacrificial altar of Ru.
    44 | D        | Found a stormy altar of Qazlal.
    44 | D        | Found an iron altar of Okawaru.
    44 | D        | Found a sparkling altar of Nemelex Xobeh.
    44 | D        | Found a burning altar of Makhleb.
    44 | D        | Found a viscous altar of Jiyva.
    44 | D        | Found a hazy altar of Hepliaklqana.
    44 | D        | Found an opulent altar of Gozag.
    44 | D        | Found a blossoming altar of Fedhas.
    44 | D        | Found a white marble altar of Elyvilon.
    44 | D        | Found a shadowy altar of Dithmenos.
    44 | D        | Found a snail-covered altar of Cheibriados.
    45 | D        | Found a radiant altar of Vehumet.
    45 | D        | Found a corrupted altar of Lugonu.
    45 | D        | Found a roughly hewn altar of Beogh.
    46 | D        | Found an ancient bone altar of Kikubaaqudgha.
    46 | D        | Found a hide-covered altar of Uskayaw.
    46 | D        | Found a broken altar of Ashenzari.
    49 | D        | Became a worshipper of Qazlal Stormbringer
    59 | D        | Noticed a scorpion
    78 | D        | Killed a scorpion
    79 | D        | Reached skill level 5 in Fighting
    79 | D        | Reached skill level 5 in Invocations
    79 | D        | Reached XP level 2. HP: 22/29 MP: 1/5
    79 | D        | Reached XP level 3. HP: 28/36 MP: 1/6
    79 | D        | Reached XP level 4. HP: 32/42 MP: 1/7
    86 | D        | Reached * piety under Qazlal
    87 | D        | Reached skill level 5 in Axes
   100 | D        | Reached ** piety under Qazlal
   101 | D        | Reached skill level 5 in Armour
   101 | D        | Reached skill level 5 in Shields
   101 | D        | Reached skill level 7 in Invocations
   101 | D        | Reached XP level 5. HP: 19/50 MP: 3/10
   106 | D        | Reached skill level 8 in Invocations
   106 | D        | Reached *** piety under Qazlal
   107 | D        | Reached XP level 6. HP: 13/60 MP: 4/12
   109 | D        | Reached skill level 9 in Invocations
   109 | D        | HP: 4/87 [wight/+4 spear (3)]
   115 | D        | HP: 1/58 [scorpion (3)]
   125 | D        | HP: 2/58 [scorpion (2)]
   129 | D        | Reached skill level 10 in Invocations
   129 | D        | Slain by a wight

Illustrated notes

Levels and vault maps discovered:
D:        pitsprint [storerooms_1, entrance_room_1, metal_vault_3, armoury_3,
          mini_pit_1, grid_room_1, main_hall_1, silver_pit, the_coven_1,
          the_vestibule_1, steel_vault_1, golden_pit, hallway_of_sentries,
          crystal_vault_4, iron_vault_1, final_vault]

Skill      XL: |  1  2  3  4  5  6 |
---------------+-------------------+-----
Axes           | 4 5 7 |  7.7
Fighting       | 5 6 7 |  7.6
Armour         | 4 5 6 |  6.7
Shields        | 4 5 6 |  6.8
Invocations    | 5 7 8 10 | 10.0

Action                     |  1- 3 |  4- 6 || total
---------------------------+-------+-------++-------
  Melee: War axe           |    18 |    16 ||    34
    Use: Potion            |     2 |     4 ||     6
         Scroll            |       |     1 ||     1
 Armour: Scale mail        |    18 |    28 ||    46
  Dodge: Dodged            |    14 |    10 ||    24
  Block: Buckler           |     9 |    11 ||    20

Table legend: (Time is in decaauts)
 A = Elapsed time spent in this place.
 B = Non-inter-level travel time spent in this place.
 C = Inter-level travel time spent in this place.
 D = Time resting spent in this place.
 E = Time spent auto-exploring this place.
 F = Levels seen in this place.
 G = Mean time per level.
                   A        B        C        D        E       F      G
               +--------+--------+--------+--------+--------+-----+--------+
         Total |    137 |    137 |      0 |      0 |      0 |   1 |  137.0 |
       Dungeon |    137 |    137 |      0 |      0 |      0 |   1 |  137.0 |
               +--------+--------+--------+--------+--------+-----+--------+

Top non-repeatable levels by time:
       D: 137 daAuts
